 Dungeon Crawl Stone Soup version 0.18.1-48-g4cf74bf (webtiles) character file.

3621 burninglegion64 the Destroyer (level 10, 0/63 HPs)
             Began as a Human Conjurer on July 26, 2016.
             Was an Initiate of Vehumet.
             Slain by a komodo dragon (24 damage)
             ... on level 8 of the Dungeon.
             The game lasted 01:07:48 (11802 turns).

burninglegion64 the Destroyer (Human Conjurer)     Turns: 11802, Time: 01:07:49

Health: 0/63       AC:  4    Str:  7 (9)  XL:     10   Next: 32%
Magic:  5/22       EV: 13    Int: 15 (18) God:    Vehumet [......]
Gold:   349        SH:  0    Dex: 13 (14) Spells: 5 memorised, 11 levels left

rFire  + . .     SeeInvis .     u - +0 dagger (pierce)
rCold  . . .     Gourm    +     a - +1 robe
rNeg   . . .     Faith    .     (no shield)
rPois  .         Spirit   .     (no helmet)
rElec  .         Dismiss  .     (no cloak)
rCorr  .         Reflect  .     (no gloves)
SustAt .         Harm     .     n - +0 pair of boots
MR     +....                    g - amulet of the gourmand
Stlth  ++........               o - ring of protection from fire
                                y - ring of protection from magic

@: somewhat resistant to hostile enchantments, unstealthy
A: no striking features
a: Renounce Religion


You were on level 8 of the Dungeon.
You worshipped Vehumet.
Vehumet was noncommittal.
You were very full.

You visited 1 branch of the dungeon, and saw 8 of its levels.

You collected 349 gold pieces.

Inventory:

Hand Weapons
 f - a +1 trident of venom
 u - a +0 dagger of piercing (weapon)
Armour
 a - a +1 robe (worn)
 n - a +0 pair of boots (worn)
Jewellery
 e - an uncursed ring of protection from fire
 g - an amulet of the gourmand (around neck)
 h - an uncursed ring of stealth
 o - a ring of protection from fire (right hand)
 s - an uncursed ring of ice
 y - a ring of protection from magic (left hand)
Wands
 k - a wand of digging (10/24)
Scrolls
 i - a scroll of magic mapping
 j - a scroll of enchant armour
 l - 3 scrolls of teleportation
 p - 5 scrolls of fear
 q - 2 scrolls of enchant weapon
 v - 2 scrolls of identify
 w - a scroll of remove curse
 z - 2 scrolls of blinking
Potions
 r - 2 potions of flight
 C - 2 potions of curing
Books
 b - a book of Conjurations

   Spells                             Type                      Level
   a - Magic Dart                     Conjuration                  1
   b - Searing Ray                    Conjuration                  2
   c - Dazzling Spray                 Conjuration/Hexes            3
   d - Fulminant Prism                Conjuration/Hexes            4
   e - Iskenderun's Mystic Blast      Conjuration                  4
   f - Iskenderun's Battlesphere      Conjuration/Charms           5
Comestibles
 c - 6 bread rations
 d - 4 meat rations
 m - a beef jerky
 t - 5 fruits


   Skills:
 - Level 3.3 Dodging
 - Level 2.0 Stealth
 * Level 8.4 Spellcasting
 * Level 10.0 Conjurations
 + Level 5.4 Hexes


You had 11 spell levels left.
You knew the following spells:

 Your Spells              Type           Power        Failure   Level  Hunger
a - Magic Dart            Conj           ####         1%          1    None
d - Fulminant Prism       Conj/Hex       ####......   6%          4    ####...
q - Dazzling Spray        Conj/Hex       ####..       1%          3    ##.....
s - Iskenderun's Mystic   Conj           #####...     1%          4    ####...
x - Searing Ray           Conj           #####.       1%          2    None


Dungeon Overview and Level Annotations

Branches:
Dungeon (8/15)
 Temple: D:4-7         Lair: D:8-11

Altars:
Cheibriados
Dithmenos
Nemelex Xobeh
Pakellas
Ru
Vehumet
Xom


Message History

Your fulminant prism crackles loudly.
Your fulminant prism explodes!
The blast of energy engulfs the komodo dragon.
The komodo dragon is heavily wounded.
The blast of energy engulfs the giant frog zombie.
You destroy the giant frog zombie!
Vehumet accepts your kill.
Casting: Fulminant Prism
Confirm with . or Enter, or press ? or * to list all spells.
Aiming: Searing Ray
Press: ? - help, Shift-Dir - straight line, f - komodo dragon
Aim: a komodo dragon (heavily wounded)
The searing ray hits the komodo dragon.
The komodo dragon is heavily wounded.
The searing ray hits the komodo dragon.
The komodo dragon is heavily wounded.
The komodo dragon bites you!!
The searing ray misses the komodo dragon.
The komodo dragon bites you!!
You die...

### ########## #####.####
.........# ##.........
.........# #####
##....###...
.........#####.#.#####..####
##..
................###...###
#.# .........#######@l.####
#.# .........# #.#### ##.
.........# ## . .........# .
.........# #
.........####### ########
.#####.........# ####.##...#
.# #.........# #.........#
.# #.........# #.........#


You could see a komodo dragon.

Vanquished Creatures
  Sigmund (D:2)
  A hippogriff (D:7)
  3 water moccasins
  A black bear (D:4)
  2 orc warriors
  A wasp (D:5)
  2 sky beasts
  4 ogres
  A phantom (D:6)
  A crocodile (D:8)
  3 centaurs
  A water moccasin zombie (D:5)
  2 scorpions
  6 killer bees
  3 howler monkeys
  A crimson imp (D:5)
  A quasit (D:7)
  A giant frog skeleton (D:5)
  2 hounds (D:6)
  8 orc wizards
  A giant frog zombie (D:8)
  2 orc priests (D:6)
  5 iguanas
  A jelly (D:5)
  A centaur skeleton (D:4)
  Natasha (thrice) (D:4)
  8 worker ants
  2 hound skeletons
  Robin (D:2)
  4 gnolls (D:7)
  6 adders
  3 oozes
  An adder skeleton (D:6)
  4 worms
  A dart slug (D:4)
  5 giant geckos
  18 orcs
  A ball python (D:3)
  6 giant cockroaches
  14 goblins
  11 hobgoblins
  24 jackals
  8 kobolds
  5 quokkas
  4 bats
  A giant gecko zombie (D:6)
  5 giant newts
  7 rats
  2 fulminant prisms
199 creatures vanquished.

Vanquished Creatures (others)
  12 fulminant prisms
12 creatures vanquished.

Grand Total: 211 creatures vanquished

Notes
Turn   | Place    | Note
--------------------------------------------------------------
     0 | D:1      | burninglegion64 the Human Conjurer began the quest for the Orb.
     0 | D:1      | Reached XP level 1. HP: 13/13 MP: 3/3
   252 | D:1      | Reached XP level 2. HP: 19/19 MP: 0/5
  1079 | D:1      | Learned a level 2 spell: Searing Ray
  1083 | D:2      | Reached XP level 3. HP: 24/24 MP: 1/6
  1084 | D:2      | Noticed Robin
  1531 | D:2      | Reached XP level 4. HP: 27/30 MP: 3/8
  1546 | D:2      | Learned a level 4 spell: Iskenderun's Mystic Blast
  1589 | D:2      | Noticed Sigmund
  1665 | D:2      | Killed Robin
  2445 | D:2      | Killed Sigmund
  2445 | D:2      | Reached skill level 5 in Conjurations
  2445 | D:2      | Reached XP level 5. HP: 3/35 MP: 0/10
  2445 | D:2      | Reached XP level 6. HP: 3/41 MP: 0/11
  2734 | D:1      | Learned a level 3 spell: Dazzling Spray
  2936 | D:2      | Found a shadowy altar of Dithmenos.
  4260 | D:4      | Noticed Natasha
  4498 | D:4      | Found a sparkling altar of Nemelex Xobeh.
  4598 | D:4      | Killed Natasha
  4598 | D:4      | Reached skill level 1 in Hexes
  4598 | D:4      | Reached XP level 7. HP: 41/46 MP: 2/13
  4610 | D:4      | Noticed Natasha
  4690 | D:4      | Killed Natasha
  4690 | D:4      | Reached skill level 6 in Conjurations
  4791 | D:4      | Noticed Natasha
  5325 | D:4      | Reached skill level 5 in Spellcasting
  5325 | D:4      | Reached XP level 8. HP: 35/52 MP: 2/15
  5383 | D:4      | Killed Natasha
  5464 | D:4      | Reached skill level 7 in Conjurations
  6209 | D:4      | Found a shimmering altar of Xom.
  6358 | D:5      | Entered Level 5 of the Dungeon
  7099 | D:5      | Reached XP level 9. HP: 57/57 MP: 12/18
  7185 | D:5      | Reached skill level 8 in Conjurations
  7361 | D:5      | Learned a level 4 spell: Fulminant Prism
  7838 | D:5      | Found a sacrificial altar of Ru.
  9262 | D:6      | Reached skill level 9 in Conjurations
  9618 | D:6      | Found an oddly glowing altar of Pakellas.
 10041 | D:7      | Reached XP level 10. HP: 63/63 MP: 7/21
 10224 | D:7      | Reached skill level 5 in Hexes
 10946 | D:7      | Found a snail-covered altar of Cheibriados.
 11218 | D:7      | Found a radiant altar of Vehumet.
 11254 | D:7      | Became a worshipper of Vehumet
 11608 | D:8      | Reached skill level 10 in Conjurations
 11777 | D:8      | Noticed a komodo dragon
 11802 | D:8      | Slain by a komodo dragon

Skill      XL: |  1  2  3  4  5  6  7  8  9 10 |
---------------+-------------------------------+-----
Dodging        | 3 |  3.3
Spellcasting   | 3 4 5 6 7 8 |  8.4
Conjurations   | 5 6 7 9 10 | 10.0
Hexes          | 1 2 3 4 5 |  5.4
Stealth        | |  2.0

Action                   |  1- 3 |  4- 6 |  7- 9 | 10-12 || total
-------------------------+-------+-------+-------+-------++-------
Melee: Hand axe          |     6 |    22 |     2 |       ||    30
 Cast: Magic Dart        |    57 |    92 |   168 |    56 ||   373
       Searing Ray       |     1 |    14 |    22 |     2 ||    39
       Dazzling Spray    |       |     3 |    11 |     5 ||    19
       Iskenderun's Myst |       |     1 |    34 |    15 ||    50
       Fulminant Prism   |       |       |     6 |     8 ||    14
  Use: Scroll            |       |     8 |     8 |     4 ||    20
       Potion            |       |     3 |       |     4 ||     7
  Eat: Chunk             |     2 |    19 |    23 |     8 ||    52
       Meat ration       |       |     1 |       |       ||     1
Armor: Robe              |     6 |    12 |    12 |     4 ||    34
       Skin              |       |    18 |       |       ||    18
Dodge: Dodged            |    19 |    63 |    52 |     9 ||   143
